[ PARTIDA AOE2 · #480548880 ]
Team RMBizantinos vs Cumans
Equipo del jugador · VICT
[ ANÁLISIS DE REPETICIÓN · EXTRAÍDO DE LA PARTIDA GRABADA ]
Feudal
10:31
Castillos
20:24
Imperial
—
| APM promedio | 40.3 |
| APM pico | 80 |
| eAPM promedio | 22.8 |
| Aldeanos / militares | 108 / 116 |
Foco
⚔️ 29.0% · 🌾 71.0%
Archer ×49 · Spearman ×45 · Knight ×10 · Cataphract ×9 · Mangonel ×2 · Monk ×1
Feudal
13:17
Castillos
20:57
Imperial
—
| APM promedio | 5.6 |
| APM pico | 16 |
| eAPM promedio | 5.1 |
| Aldeanos / militares | 51 / 26 |
Foco
⚔️ 20.5% · 🌾 79.5%
Serjeant ×25 · Monk ×1
Feudal
11:07
Castillos
—
Imperial
—
| APM promedio | 17.3 |
| APM pico | 77 |
| eAPM promedio | 7.2 |
| Aldeanos / militares | 38 / 16 |
Foco
⚔️ 13.2% · 🌾 86.8%
Archer ×10 · Skirmisher ×4 · Spearman ×2
Feudal
10:11
Castillos
23:51
Imperial
—
| APM promedio | 22.1 |
| APM pico | 67 |
| eAPM promedio | 11.9 |
| Aldeanos / militares | 86 / 81 |
Foco
⚔️ 34.1% · 🌾 65.9%
Spearman ×49 · Knight ×11 · Militia ×8 · Scout Cavalry ×6 · Conquistador ×4 · Battering Ram ×3
Feudal
—
Castillos
—
Imperial
—
| APM promedio | 51.9 |
| APM pico | 96 |
| eAPM promedio | 13.9 |
| Aldeanos / militares | 62 / 81 |
Foco
⚔️ 33.8% · 🌾 66.2%
Skirmisher ×64 · Spearman ×14 · Fire Lancer ×2 · Scorpion ×1
Feudal
10:13
Castillos
23:10
Imperial
39:16
| APM promedio | 40.0 |
| APM pico | 71 |
| eAPM promedio | 15.1 |
| Aldeanos / militares | 116 / 91 |
Foco
⚔️ 26.9% · 🌾 73.1%
Archer ×71 · Mameluke ×10 · Spearman ×9 · Monk ×1
Feudal
9:46
Castillos
26:06
Imperial
—
| APM promedio | 31.0 |
| APM pico | 64 |
| eAPM promedio | 17.0 |
| Aldeanos / militares | 96 / 170 |
Foco
⚔️ 21.9% · 🌾 78.1%
Knight ×144 · Scout Cavalry ×21 · Camel Scout ×5
Feudal
12:30
Castillos
23:59
Imperial
—
| APM promedio | 12.3 |
| APM pico | 41 |
| eAPM promedio | 7.4 |
| Aldeanos / militares | 82 / 43 |
Foco
⚔️ 20.4% · 🌾 79.6%
Karambit Warrior ×18 · Battle Elephant ×15 · Archer ×3 · Militia ×3 · Spearman ×2 · Monk ×2
Mapa de la partida
Recursos al inicio + cada clic de construcción. Línea gruesa = muro · recuadro discontinuo = muro de casas detectado. 🟡 oro · ⚪ piedra · 🟢 bayas · 🔶 jabalí · ⭕ reliquia
Tu base· ✓ Cerrada en 20:24 · 43t muro
Base de Passenger· ✓ Cerrada en 20:57 · 8t muro
Base de sepseven· Abierta — hueco de 5t
Base de Salvador Allende· Abierta — flanco sin cerrar
Base de RelyingMarlin25· Abierta — hueco de 6t
Base de Almighty Pan· Abierta — hueco de 8t
Base de 犹豫就会白给· ✓ Cerrada en 26:06 · 30t muro · 1 puerta(s)
Base de sfuentes12· Abierta — flanco sin cerrar
Terreno con relieve · ⚠ = hueco de muro detectado · pasá el cursor para detalles
Inputs por minuto
— Martineitor - - Passenger
Build order — Martineitor
Primeras 150 de 332 acciones detectadas
| 0:01 | Crear | Villager (Male) |
| 0:01 | Crear | Villager (Male) |
| 0:01 | Crear | Villager (Male) |
| 0:01 | Crear | Villager (Male) |
| 0:02 | Construir | House |
| 0:04 | Construir | House |
| 1:27 | Crear | Villager (Male) |
| 1:27 | Crear | Villager (Male) |
| 1:49 | Construir | Lumber Camp |
| 1:59 | Crear | Villager (Male) |
| 1:59 | Crear | Villager (Male) |
| 2:06 | Investigar | Loom |
| 2:18 | Crear | Villager (Male) |
| 2:19 | Crear | Villager (Male) |
| 2:48 | Crear | Villager (Male) |
| 2:48 | Crear | Villager (Male) |
| 3:03 | Crear | Villager (Male) |
| 3:04 | Crear | Villager (Male) |
| 3:36 | Crear | Villager (Male) |
| 3:59 | Construir | House |
| 4:00 | Construir | House |
| 4:07 | Crear | Villager (Male) |
| 4:19 | Construir | Mill |
| 4:29 | Crear | Villager (Male) |
| 4:56 | Crear | Villager (Male) |
| 5:16 | Crear | Villager (Male) |
| 5:49 | Crear | Villager (Male) |
| 5:56 | Crear | Villager (Male) |
| 6:19 | Construir | Farm |
| 6:22 | Crear | Villager (Male) |
| 6:30 | Construir | Farm |
| 6:54 | Construir | Lumber Camp |
| 6:59 | Crear | Villager (Male) |
| 7:11 | Crear | Villager (Male) |
| 7:22 | Investigar | Loom |
| 7:34 | Construir | House |
| 8:11 | Investigar | Feudal Age |
| 8:47 | Construir | Barracks |
| 9:30 | Crear | Villager (Male) |
| 9:41 | Crear | Villager (Male) |
| 9:49 | Construir | Farm |
| 10:31 | Edad | Edad Feudal |
| 10:36 | Construir | Archery Range |
| 10:38 | Crear | Spearman |
| 10:38 | Crear | Spearman |
| 10:41 | Investigar | Double-Bit Axe |
| 10:44 | Crear | Villager (Male) |
| 10:48 | Investigar | Horse Collar |
| 11:07 | Construir | Palisade Wall |
| 11:09 | Construir | Palisade Wall |
| 11:10 | Crear | Villager (Male) |
| 11:50 | Construir | House |
| 11:53 | Construir | Palisade Wall |
| 11:55 | Construir | Palisade Wall |
| 11:59 | Construir | Palisade Wall |
| 12:01 | Crear | Villager (Male) |
| 12:03 | Construir | Farm |
| 12:07 | Construir | Farm |
| 12:09 | Crear | Villager (Male) |
| 12:11 | Crear | Spearman |
| 12:20 | Construir | House |
| 12:21 | Construir | House |
| 12:26 | Construir | Farm |
| 12:27 | Construir | Farm |
| 12:43 | Crear | Villager (Male) |
| 13:07 | Construir | Farm |
| 13:18 | Construir | House |
| 13:21 | Construir | Palisade Wall |
| 13:27 | Construir | Palisade Wall |
| 13:30 | Construir | House |
| 13:33 | Construir | Palisade Wall |
| 13:34 | Crear | Villager (Male) |
| 13:37 | Construir | Farm |
| 13:40 | Construir | Farm |
| 13:41 | Crear | Villager (Male) |
| 13:49 | Construir | Farm |
| 14:02 | Construir | Blacksmith |
| 14:11 | Construir | Mining Camp |
| 14:12 | Crear | Villager (Male) |
| 14:15 | Construir | Farm |
| 14:30 | Crear | Villager (Male) |
| 14:56 | Crear | Villager (Male) |
| 14:59 | Construir | Farm |
| 15:08 | Crear | Villager (Male) |
| 15:11 | Construir | Farm |
| 15:13 | Construir | Farm |
| 15:29 | Crear | Villager (Male) |
| 15:33 | Investigar | Wheelbarrow |
| 15:54 | Construir | Farm |
| 15:58 | Construir | Farm |
| 16:20 | Construir | Market |
| 16:24 | Construir | Farm |
| 16:49 | Crear | Villager (Male) |
| 17:44 | Investigar | Castle Age |
| 17:51 | Construir | Archery Range |
| 17:57 | Investigar | Gold Mining |
| 17:59 | Crear | Archer |
| 18:00 | Crear | Archer |
| 18:21 | Construir | Archery Range |
| 18:28 | Crear | Villager (Male) |
| 18:31 | Investigar | Fletching |
| 18:36 | Crear | Villager (Male) |
| 18:50 | Construir | House |
| 18:52 | Construir | House |
| 18:55 | Construir | House |
| 19:01 | Construir | House |
| 19:04 | Construir | House |
| 19:05 | Construir | House |
| 19:06 | Construir | House |
| 19:10 | Construir | House |
| 19:11 | Construir | House |
| 19:28 | Crear | Archer |
| 19:29 | Crear | Archer |
| 19:29 | Crear | Archer |
| 19:29 | Crear | Archer |
| 19:30 | Crear | Archer |
| 19:35 | Crear | Villager (Male) |
| 20:09 | Crear | Archer |
| 20:09 | Crear | Archer |
| 20:10 | Crear | Archer |
| 20:10 | Crear | Archer |
| 20:24 | Edad | Edad de los Castillos |
| 20:29 | Investigar | Crossbowman (upgrade) |
| 20:30 | Investigar | Bodkin Arrow |
| 20:39 | Construir | University |
| 21:06 | Crear | Archer |
| 21:07 | Crear | Archer |
| 21:10 | Construir | Farm |
| 21:10 | Construir | Farm |
| 21:13 | Investigar | Bow Saw |
| 21:21 | Crear | Villager (Male) |
| 21:44 | Crear | Villager (Male) |
| 21:55 | Investigar | Ballistics |
| 22:09 | Crear | Archer |
| 22:09 | Crear | Archer |
| 22:09 | Crear | Archer |
| 22:11 | Crear | Villager (Male) |
| 22:37 | Crear | Archer |
| 22:37 | Crear | Archer |
| 22:37 | Crear | Archer |
| 23:11 | Investigar | Hand Cart |
| 23:12 | Crear | Villager (Male) |
| 23:12 | Crear | Villager (Male) |
| 23:15 | Crear | Archer |
| 23:16 | Crear | Archer |
| 23:16 | Crear | Archer |
| 23:28 | Crear | Villager (Male) |
| 24:10 | Construir | Town Center |
| 24:37 | Crear | Archer |
| 24:37 | Crear | Archer |
Build order — Passenger
121 acciones detectadas en el replay
| 0:05 | Construir | House |
| 0:08 | Construir | House |
| 0:12 | Crear | Villager (Male) |
| 0:13 | Crear | Villager (Male) |
| 0:13 | Crear | Villager (Male) |
| 0:13 | Crear | Villager (Male) |
| 0:15 | Investigar | Loom |
| 1:56 | Crear | Villager (Male) |
| 2:43 | Crear | Villager (Male) |
| 2:46 | Crear | Villager (Male) |
| 3:04 | Crear | Villager (Male) |
| 3:30 | Crear | Villager (Male) |
| 3:45 | Crear | Villager (Male) |
| 4:15 | Crear | Villager (Male) |
| 4:27 | Construir | House |
| 4:49 | Crear | Villager (Male) |
| 4:58 | Construir | Mill |
| 5:30 | Crear | Villager (Male) |
| 5:30 | Crear | Villager (Male) |
| 5:59 | Crear | Villager (Male) |
| 6:11 | Construir | House |
| 6:13 | Construir | House |
| 6:50 | Crear | Villager (Male) |
| 7:22 | Crear | Villager (Male) |
| 7:23 | Crear | Villager (Male) |
| 7:24 | Crear | Villager (Male) |
| 7:58 | Construir | Lumber Camp |
| 8:25 | Construir | Lumber Camp |
| 8:29 | Crear | Villager (Male) |
| 8:30 | Crear | Villager (Male) |
| 8:32 | Crear | Villager (Male) |
| 8:46 | Crear | Villager (Male) |
| 8:46 | Crear | Villager (Male) |
| 8:47 | Crear | Villager (Male) |
| 9:07 | Crear | Villager (Male) |
| 10:24 | Construir | Mining Camp |
| 10:49 | Investigar | Feudal Age |
| 11:47 | Construir | Donjon |
| 11:58 | Construir | Farm |
| 12:01 | Construir | Farm |
| 12:06 | Construir | Farm |
| 12:15 | Construir | House |
| 12:22 | Construir | Barracks |
| 12:31 | Construir | Farm |
| 12:37 | Construir | Farm |
| 12:41 | Construir | Farm |
| 12:44 | Construir | Farm |
| 12:55 | Crear | Villager (Male) |
| 13:17 | Edad | Edad Feudal |
| 13:19 | Investigar | Wheelbarrow |
| 13:53 | Construir | House |
| 13:57 | Construir | House |
| 14:11 | Construir | Stone Wall |
| 14:20 | Crear | Villager (Male) |
| 14:20 | Crear | Villager (Male) |
| 14:20 | Crear | Villager (Male) |
| 14:41 | Construir | Farm |
| 14:53 | Construir | Market |
| 14:59 | Construir | Blacksmith |
| 16:02 | Construir | Mining Camp |
| 16:08 | Crear | Villager (Male) |
| 16:09 | Crear | Villager (Male) |
| 16:20 | Construir | Farm |
| 16:28 | Construir | Farm |
| 16:40 | Crear | Villager (Male) |
| 16:53 | Construir | Farm |
| 17:11 | Crear | Villager (Male) |
| 17:12 | Crear | Villager (Male) |
| 17:17 | Construir | Farm |
| 17:40 | Construir | Farm |
| 18:03 | Construir | Farm |
| 18:14 | Investigar | Castle Age |
| 18:33 | Crear | Serjeant |
| 18:40 | Crear | Serjeant |
| 18:55 | Investigar | Double-Bit Axe |
| 19:15 | Construir | Donjon |
| 19:32 | Investigar | Horse Collar |
| 19:37 | Investigar | Stone Mining |
| 19:48 | Crear | Serjeant |
| 19:51 | Crear | Serjeant |
| 19:59 | Crear | Serjeant |
| 20:23 | Crear | Serjeant |
| 20:32 | Construir | House |
| 20:34 | Construir | House |
| 20:49 | Crear | Serjeant |
| 20:50 | Crear | Serjeant |
| 20:57 | Edad | Edad de los Castillos |
| 20:58 | Construir | Donjon |
| 21:22 | Construir | Town Center |
| 21:30 | Construir | Monastery |
| 21:33 | Crear | Villager (Male) |
| 21:34 | Crear | Villager (Male) |
| 21:34 | Crear | Villager (Male) |
| 22:23 | Crear | Villager (Male) |
| 22:23 | Crear | Villager (Male) |
| 22:24 | Crear | Villager (Male) |
| 22:25 | Crear | Villager (Male) |
| 22:29 | Crear | Monk |
| 22:50 | Construir | Donjon |
| 22:57 | Crear | Serjeant ×5 |
| 23:27 | Crear | Villager (Male) ×4 |
| 23:57 | Construir | Farm |
| 24:16 | Construir | Donjon |
| 24:45 | Investigar | Hand Cart |
| 25:01 | Construir | House |
| 25:02 | Construir | House |
| 25:04 | Construir | House |
| 25:05 | Construir | House |
| 25:18 | Crear | Villager (Male) |
| 25:19 | Crear | Villager (Male) |
| 25:30 | Crear | Serjeant ×4 |
| 26:20 | Investigar | Scale Mail Armor |
| 26:20 | Investigar | Forging |
| 26:50 | Construir | Donjon |
| 26:59 | Crear | Serjeant ×2 |
| 27:50 | Construir | Archery Range |
| 28:14 | Crear | Serjeant ×5 |
| 28:16 | Crear | Serjeant |
| 29:40 | Crear | Villager (Male) |
| 29:40 | Crear | Villager (Male) |
| 29:40 | Crear | Villager (Male) |
Build order — sepseven
97 acciones detectadas en el replay
| 0:01 | Crear | Villager (Male) |
| 0:01 | Crear | Villager (Male) |
| 0:01 | Crear | Villager (Male) |
| 0:02 | Crear | Villager (Male) |
| 0:04 | Construir | House |
| 0:06 | Construir | House |
| 1:34 | Crear | Villager (Male) |
| 1:34 | Crear | Villager (Male) |
| 1:58 | Construir | Lumber Camp |
| 2:01 | Crear | Villager (Male) |
| 2:01 | Crear | Villager (Male) |
| 2:16 | Crear | Villager (Male) |
| 2:17 | Crear | Villager (Male) |
| 2:48 | Crear | Villager (Male) |
| 2:49 | Crear | Villager (Male) |
| 3:05 | Crear | Villager (Male) |
| 3:05 | Crear | Villager (Male) |
| 3:42 | Crear | Villager (Male) |
| 3:42 | Crear | Villager (Male) |
| 3:57 | Construir | House |
| 3:58 | Construir | House |
| 4:20 | Crear | Villager (Male) |
| 4:52 | Construir | Palisade Wall |
| 4:58 | Construir | Palisade Wall |
| 5:03 | Construir | Palisade Wall |
| 5:07 | Crear | Villager (Male) |
| 5:07 | Crear | Villager (Male) |
| 5:07 | Crear | Villager (Male) |
| 5:08 | Crear | Villager (Male) |
| 5:31 | Construir | Mill |
| 6:07 | Crear | Villager (Male) |
| 6:07 | Crear | Villager (Male) |
| 6:54 | Crear | Villager (Male) |
| 7:17 | Crear | Villager (Male) |
| 7:42 | Investigar | Loom |
| 7:48 | Construir | Lumber Camp |
| 8:27 | Construir | Barracks |
| 8:30 | Construir | House |
| 8:32 | Crear | Villager (Male) |
| 8:52 | Investigar | Feudal Age |
| 9:27 | Construir | Mining Camp |
| 10:00 | Construir | Palisade Wall |
| 10:09 | Construir | Palisade Wall |
| 10:19 | Construir | Farm |
| 10:19 | Construir | Farm |
| 10:20 | Construir | Farm |
| 10:36 | Crear | Villager (Male) |
| 10:37 | Crear | Villager (Male) |
| 10:38 | Crear | Villager (Male) |
| 11:07 | Edad | Edad Feudal |
| 11:09 | Construir | Archery Range |
| 11:45 | Crear | Spearman |
| 12:04 | Construir | Blacksmith |
| 12:26 | Crear | Spearman |
| 12:29 | Crear | Villager (Male) |
| 12:30 | Crear | Villager (Male) |
| 12:53 | Construir | House |
| 12:56 | Crear | Archer |
| 12:56 | Crear | Archer |
| 12:57 | Crear | Archer |
| 13:35 | Crear | Villager (Male) |
| 13:35 | Crear | Villager (Male) |
| 13:38 | Construir | Farm |
| 13:57 | Construir | Palisade Gate |
| 14:03 | Crear | Villager (Male) |
| 14:05 | Construir | Farm |
| 14:08 | Crear | Villager (Male) |
| 14:26 | Investigar | Fletching |
| 14:50 | Construir | Archery Range |
| 15:38 | Crear | Archer |
| 15:38 | Crear | Archer |
| 15:46 | Crear | Skirmisher |
| 15:47 | Crear | Skirmisher |
| 15:50 | Construir | Farm |
| 15:52 | Construir | Farm |
| 15:54 | Crear | Villager (Male) |
| 15:54 | Crear | Villager (Male) |
| 16:07 | Construir | House |
| 16:09 | Construir | House |
| 16:32 | Investigar | Gold Mining |
| 16:36 | Investigar | Double-Bit Axe |
| 16:41 | Construir | Farm |
| 16:44 | Crear | Villager (Male) |
| 17:05 | Construir | Palisade Gate |
| 17:12 | Construir | Farm |
| 17:20 | Construir | House |
| 17:35 | Construir | Farm |
| 17:45 | Crear | Archer |
| 17:46 | Crear | Archer |
| 18:43 | Crear | Skirmisher |
| 18:43 | Crear | Skirmisher |
| 19:05 | Construir | Farm |
| 19:25 | Construir | Watch Tower |
| 19:43 | Construir | Farm |
| 19:59 | Construir | Farm |
| 20:13 | Construir | Archery Range |
| 20:16 | Crear | Archer ×3 |
Build order — Salvador Allende
Primeras 150 de 180 acciones detectadas
| 0:05 | Construir | House |
| 0:06 | Construir | House |
| 0:10 | Crear | Villager (Male) ×4 |
| 0:11 | Crear | Villager (Male) ×4 |
| 0:29 | Construir | House |
| 0:57 | Construir | House |
| 1:01 | Construir | Lumber Camp |
| 1:46 | Crear | Villager (Male) |
| 1:46 | Crear | Villager (Male) |
| 2:21 | Crear | Villager (Male) |
| 2:21 | Crear | Villager (Male) |
| 3:11 | Crear | Villager (Male) |
| 3:11 | Crear | Villager (Male) |
| 3:11 | Crear | Villager (Male) |
| 4:19 | Crear | Villager (Male) |
| 4:20 | Crear | Villager (Male) |
| 4:20 | Crear | Villager (Male) |
| 5:15 | Crear | Villager (Male) |
| 5:15 | Crear | Villager (Male) |
| 5:16 | Crear | Villager (Male) |
| 5:37 | Crear | Villager (Male) |
| 5:37 | Crear | Villager (Male) |
| 6:16 | Crear | Villager (Male) |
| 6:16 | Crear | Villager (Male) |
| 6:31 | Construir | House |
| 7:15 | Construir | Mill |
| 7:55 | Construir | Mining Camp |
| 8:01 | Investigar | Feudal Age |
| 8:01 | Investigar | Feudal Age |
| 8:25 | Construir | Farm |
| 8:26 | Construir | Farm |
| 8:26 | Construir | Farm |
| 8:36 | Construir | Farm |
| 8:56 | Crear | Villager (Male) |
| 8:56 | Crear | Villager (Male) |
| 9:40 | Construir | Barracks |
| 9:46 | Crear | Villager (Male) |
| 9:47 | Crear | Villager (Male) |
| 10:06 | Construir | House |
| 10:11 | Edad | Edad Feudal |
| 10:43 | Construir | House |
| 10:48 | Investigar | Man-at-Arms (upgrade) |
| 10:49 | Crear | Militia ×2 |
| 11:07 | Investigar | Double-Bit Axe |
| 11:31 | Crear | Militia |
| 11:38 | Crear | Villager (Male) |
| 11:38 | Crear | Villager (Male) |
| 11:56 | Construir | Stable |
| 12:03 | Construir | Palisade Wall |
| 12:09 | Crear | Villager (Male) |
| 12:09 | Crear | Villager (Male) |
| 12:09 | Crear | Villager (Male) |
| 12:16 | Construir | Farm |
| 12:20 | Construir | Farm |
| 12:31 | Crear | Militia |
| 12:31 | Crear | Militia |
| 12:58 | Construir | Farm |
| 13:13 | Investigar | Bloodlines |
| 13:42 | Investigar | Arson |
| 13:47 | Crear | Villager (Male) ×4 |
| 13:56 | Construir | Farm |
| 13:58 | Construir | Farm |
| 14:06 | Construir | Farm |
| 14:19 | Construir | Mining Camp |
| 15:17 | Crear | Militia |
| 15:17 | Crear | Militia |
| 15:18 | Crear | Spearman |
| 15:19 | Crear | Spearman |
| 15:22 | Crear | Scout Cavalry |
| 15:22 | Crear | Scout Cavalry |
| 15:36 | Construir | Blacksmith |
| 15:44 | Crear | Villager (Male) ×2 |
| 15:44 | Crear | Villager (Male) ×2 |
| 16:00 | Construir | Market |
| 16:07 | Construir | House |
| 16:08 | Construir | House |
| 16:08 | Construir | House |
| 16:45 | Crear | Spearman |
| 16:56 | Investigar | Horse Collar |
| 17:03 | Crear | Spearman |
| 17:21 | Construir | Archery Range |
| 17:30 | Construir | House |
| 19:28 | Construir | Farm |
| 19:30 | Construir | Farm |
| 19:31 | Construir | Farm |
| 19:36 | Construir | Farm |
| 19:37 | Construir | Farm |
| 19:37 | Construir | Farm |
| 19:37 | Construir | Farm |
| 19:39 | Construir | Farm |
| 19:41 | Construir | Farm |
| 19:43 | Crear | Villager (Male) |
| 19:48 | Crear | Militia |
| 19:49 | Crear | Spearman |
| 19:49 | Crear | Spearman |
| 19:53 | Crear | Scout Cavalry |
| 20:43 | Crear | Spearman |
| 20:43 | Crear | Spearman |
| 21:11 | Investigar | Castle Age |
| 21:50 | Crear | Spearman |
| 21:50 | Crear | Spearman |
| 21:50 | Crear | Spearman |
| 22:21 | Crear | Spearman |
| 22:43 | Crear | Spearman |
| 22:44 | Crear | Spearman |
| 22:51 | Crear | Scout Cavalry |
| 22:52 | Crear | Scout Cavalry |
| 23:13 | Construir | Barracks |
| 23:33 | Crear | Scout Cavalry |
| 23:49 | Crear | Spearman |
| 23:49 | Crear | Spearman |
| 23:49 | Crear | Spearman |
| 23:51 | Edad | Edad de los Castillos |
| 23:56 | Crear | Knight |
| 23:56 | Crear | Knight |
| 24:00 | Crear | Knight |
| 24:00 | Crear | Knight |
| 24:00 | Crear | Knight |
| 24:01 | Crear | Knight |
| 24:31 | Construir | Siege Workshop |
| 24:46 | Investigar | Loom |
| 24:51 | Construir | House |
| 25:18 | Construir | House |
| 25:22 | Crear | Villager (Male) ×5 |
| 25:35 | Crear | Spearman |
| 25:36 | Crear | Spearman |
| 25:36 | Crear | Spearman |
| 25:56 | Investigar | Pikeman (upgrade) |
| 25:59 | Crear | Spearman |
| 27:03 | Crear | Knight |
| 27:39 | Construir | Town Center |
| 27:53 | Construir | Palisade Wall |
| 27:56 | Construir | Palisade Wall |
| 28:29 | Investigar | Squires |
| 28:37 | Crear | Villager (Male) ×5 |
| 29:00 | Crear | Spearman |
| 29:00 | Crear | Spearman |
| 29:47 | Crear | Villager (Male) ×5 |
| 29:56 | Crear | Villager (Male) |
| 29:56 | Crear | Villager (Male) |
| 29:56 | Crear | Villager (Male) |
| 30:26 | Construir | Castle |
| 31:09 | Crear | Knight |
| 31:09 | Crear | Knight |
| 31:31 | Crear | Spearman ×5 |
| 31:31 | Crear | Spearman ×5 |
| 32:07 | Crear | Conquistador ×2 |
| 32:17 | Crear | Knight |
| 32:17 | Crear | Knight |
| 32:40 | Crear | Spearman ×3 |
Build order — RelyingMarlin25
Primeras 150 de 206 acciones detectadas
| 0:03 | Construir | House |
| 0:04 | Construir | House |
| 0:05 | Crear | Villager (Male) |
| 0:05 | Crear | Villager (Male) |
| 0:06 | Crear | Villager (Male) |
| 0:06 | Crear | Villager (Male) |
| 1:25 | Construir | House |
| 1:38 | Crear | Villager (Male) |
| 1:39 | Crear | Villager (Male) |
| 2:26 | Crear | Villager (Male) |
| 2:27 | Crear | Villager (Male) |
| 2:27 | Crear | Villager (Male) |
| 2:27 | Crear | Villager (Male) |
| 3:44 | Crear | Villager (Male) |
| 3:44 | Crear | Villager (Male) |
| 3:44 | Crear | Villager (Male) |
| 3:45 | Crear | Villager (Male) |
| 3:45 | Crear | Villager (Male) |
| 4:30 | Crear | Villager (Male) |
| 4:30 | Crear | Villager (Male) |
| 4:31 | Crear | Villager (Male) |
| 4:31 | Crear | Villager (Male) |
| 4:39 | Construir | Mill |
| 5:09 | Crear | Villager (Male) |
| 5:10 | Crear | Villager (Male) |
| 5:10 | Crear | Villager (Male) |
| 5:31 | Crear | Villager (Male) |
| 5:31 | Crear | Villager (Male) |
| 6:13 | Construir | House |
| 6:43 | Crear | Villager (Male) |
| 7:02 | Construir | Barracks |
| 7:05 | Crear | Villager (Male) |
| 7:05 | Crear | Villager (Male) |
| 7:42 | Construir | Lumber Camp |
| 7:59 | Construir | House |
| 8:21 | Investigar | Feudal Age |
| 8:39 | Construir | Building 796 |
| 8:48 | Construir | Palisade Wall |
| 9:46 | Construir | Palisade Wall |
| 9:59 | Crear | Villager (Male) |
| 9:59 | Crear | Villager (Male) |
| 10:41 | Investigar | Double-Bit Axe |
| 10:43 | Investigar | Loom |
| 10:50 | Construir | Mill |
| 11:08 | Crear | Villager (Male) |
| 11:31 | Construir | House |
| 12:23 | Construir | Blacksmith |
| 12:27 | Crear | Villager (Male) |
| 12:27 | Crear | Villager (Male) |
| 12:58 | Construir | Mining Camp |
| 12:59 | Crear | Spearman |
| 13:27 | Construir | House |
| 13:30 | Construir | House |
| 14:01 | Crear | Villager (Male) |
| 14:10 | Crear | Spearman |
| 14:12 | Crear | Spearman |
| 14:30 | Construir | Farm |
| 14:32 | Construir | Farm |
| 14:33 | Construir | Farm |
| 14:34 | Crear | Villager (Male) |
| 14:35 | Crear | Villager (Male) |
| 15:12 | Construir | Farm |
| 15:46 | Construir | Market |
| 16:06 | Construir | Farm |
| 16:09 | Construir | Farm |
| 16:13 | Crear | Villager (Male) |
| 16:54 | Construir | Mining Camp |
| 17:04 | Construir | Farm |
| 17:13 | Investigar | Castle Age |
| 18:01 | Construir | Archery Range |
| 18:05 | Investigar | Horse Collar |
| 18:46 | Crear | Spearman |
| 19:13 | Crear | Skirmisher |
| 19:13 | Crear | Skirmisher |
| 19:24 | Construir | House |
| 19:25 | Construir | House |
| 19:26 | Construir | House |
| 19:31 | Crear | Spearman |
| 19:36 | Crear | Spearman |
| 19:36 | Crear | Spearman |
| 20:06 | Crear | Villager (Male) |
| 20:06 | Crear | Villager (Male) |
| 20:06 | Crear | Villager (Male) |
| 20:18 | Crear | Skirmisher |
| 20:21 | Crear | Skirmisher |
| 20:43 | Crear | Villager (Male) |
| 20:57 | Construir | Town Center |
| 21:17 | Crear | Skirmisher |
| 21:18 | Crear | Skirmisher |
| 21:43 | Crear | Villager (Male) |
| 21:44 | Crear | Villager (Male) |
| 21:44 | Crear | Villager (Male) |
| 21:52 | Crear | Spearman |
| 21:53 | Crear | Spearman |
| 23:30 | Crear | Villager (Male) |
| 23:36 | Crear | Villager (Male) |
| 23:36 | Crear | Villager (Male) |
| 23:36 | Crear | Villager (Male) |
| 23:36 | Crear | Villager (Male) |
| 23:36 | Crear | Villager (Male) |
| 23:39 | Investigar | Elite Skirmisher (upgrade) |
| 23:41 | Crear | Skirmisher |
| 23:42 | Crear | Skirmisher |
| 24:07 | Construir | Castle |
| 24:14 | Crear | Skirmisher |
| 24:15 | Crear | Skirmisher |
| 24:15 | Crear | Skirmisher |
| 24:32 | Crear | Skirmisher |
| 24:32 | Crear | Skirmisher |
| 24:32 | Crear | Skirmisher |
| 24:52 | Crear | Skirmisher |
| 24:53 | Crear | Skirmisher |
| 24:53 | Crear | Skirmisher |
| 25:08 | Crear | Skirmisher |
| 25:09 | Crear | Skirmisher |
| 25:09 | Crear | Skirmisher |
| 25:18 | Construir | Archery Range |
| 25:53 | Crear | Skirmisher |
| 25:53 | Crear | Skirmisher |
| 26:04 | Crear | Skirmisher |
| 27:40 | Crear | Skirmisher |
| 27:41 | Crear | Skirmisher |
| 27:43 | Construir | Archery Range |
| 27:44 | Construir | Archery Range |
| 28:41 | Crear | Skirmisher |
| 28:41 | Crear | Skirmisher |
| 28:42 | Crear | Skirmisher |
| 28:42 | Crear | Skirmisher |
| 28:53 | Investigar | Fletching |
| 29:01 | Construir | Siege Workshop |
| 29:41 | Construir | Farm |
| 29:41 | Construir | Farm |
| 29:41 | Construir | Farm |
| 30:20 | Crear | Skirmisher |
| 30:20 | Crear | Skirmisher |
| 30:20 | Crear | Skirmisher |
| 30:31 | Crear | Scorpion |
| 30:40 | Construir | Farm |
| 30:41 | Construir | Farm |
| 31:37 | Construir | Farm |
| 31:38 | Construir | Farm |
| 31:46 | Construir | Farm |
| 31:46 | Construir | Farm |
| 31:47 | Construir | Farm |
| 31:55 | Crear | Villager (Male) |
| 31:55 | Crear | Villager (Male) |
| 32:25 | Construir | Castle |
| 32:32 | Crear | Skirmisher |
| 32:32 | Crear | Skirmisher |
| 32:33 | Crear | Skirmisher |
Build order — Almighty Pan
Primeras 150 de 301 acciones detectadas
| 0:02 | Crear | Villager (Male) ×4 |
| 0:04 | Construir | House |
| 0:06 | Construir | House |
| 1:46 | Crear | Villager (Male) |
| 1:46 | Crear | Villager (Male) |
| 1:51 | Construir | Lumber Camp |
| 2:08 | Crear | Villager (Male) |
| 2:08 | Crear | Villager (Male) |
| 2:38 | Crear | Villager (Male) |
| 2:38 | Crear | Villager (Male) |
| 2:50 | Crear | Villager (Male) |
| 2:50 | Crear | Villager (Male) |
| 3:07 | Crear | Villager (Male) |
| 3:07 | Crear | Villager (Male) |
| 3:07 | Crear | Villager (Male) |
| 4:09 | Construir | House |
| 4:10 | Construir | House |
| 4:11 | Crear | Villager (Male) |
| 4:11 | Crear | Villager (Male) |
| 4:12 | Crear | Villager (Male) |
| 4:44 | Construir | Mill |
| 4:56 | Crear | Villager (Male) |
| 4:56 | Crear | Villager (Male) |
| 4:57 | Crear | Villager (Male) |
| 5:31 | Crear | Villager (Male) |
| 5:31 | Crear | Villager (Male) |
| 6:19 | Crear | Villager (Male) |
| 6:19 | Crear | Villager (Male) |
| 6:20 | Crear | Villager (Male) |
| 6:20 | Crear | Villager (Male) |
| 6:20 | Crear | Villager (Male) |
| 6:54 | Construir | Lumber Camp |
| 7:21 | Investigar | Loom |
| 8:03 | Investigar | Feudal Age |
| 8:17 | Construir | Mining Camp |
| 8:50 | Construir | Barracks |
| 8:53 | Construir | Palisade Wall |
| 9:12 | Crear | Villager (Male) |
| 9:12 | Crear | Villager (Male) |
| 10:13 | Edad | Edad Feudal |
| 10:20 | Construir | Archery Range |
| 10:33 | Crear | Villager (Male) |
| 10:46 | Crear | Villager (Male) |
| 11:02 | Construir | Farm |
| 11:02 | Construir | Farm |
| 11:02 | Construir | Farm |
| 11:03 | Construir | Farm |
| 11:10 | Crear | Villager (Male) |
| 11:13 | Construir | House |
| 11:16 | Crear | Archer |
| 11:16 | Crear | Archer |
| 11:28 | Investigar | Double-Bit Axe |
| 11:28 | Investigar | Double-Bit Axe |
| 11:33 | Crear | Villager (Male) |
| 11:34 | Crear | Villager (Male) |
| 11:49 | Construir | House |
| 11:59 | Crear | Archer |
| 12:23 | Construir | Blacksmith |
| 12:25 | Construir | Palisade Wall |
| 12:39 | Crear | Villager (Male) |
| 12:53 | Crear | Archer |
| 12:54 | Crear | Villager (Male) |
| 13:16 | Crear | Archer |
| 13:21 | Construir | House |
| 13:24 | Construir | Palisade Wall |
| 13:30 | Crear | Villager (Male) |
| 13:33 | Construir | Farm |
| 13:35 | Investigar | Horse Collar |
| 13:48 | Crear | Villager (Male) |
| 14:03 | Crear | Archer |
| 14:14 | Crear | Villager (Male) |
| 14:33 | Construir | Farm |
| 14:39 | Construir | Farm |
| 14:51 | Crear | Archer |
| 15:05 | Crear | Villager (Male) |
| 15:05 | Crear | Villager (Male) |
| 15:08 | Construir | Farm |
| 15:37 | Crear | Archer |
| 15:37 | Crear | Archer |
| 15:37 | Crear | Archer |
| 15:54 | Investigar | Fletching |
| 15:55 | Crear | Villager (Male) |
| 16:00 | Construir | House |
| 16:01 | Construir | House |
| 16:19 | Crear | Archer |
| 16:26 | Crear | Villager (Male) |
| 16:38 | Construir | Palisade Gate |
| 16:47 | Crear | Villager (Male) |
| 16:58 | Construir | Farm |
| 17:00 | Construir | House |
| 17:03 | Construir | Palisade Wall |
| 17:06 | Crear | Villager (Male) |
| 17:34 | Crear | Archer |
| 17:45 | Crear | Villager (Male) |
| 17:48 | Construir | Farm |
| 17:51 | Construir | Farm |
| 18:00 | Construir | Market |
| 18:16 | Crear | Villager (Male) |
| 18:18 | Construir | Farm |
| 18:38 | Crear | Villager (Male) |
| 18:54 | Construir | Farm |
| 19:04 | Investigar | Wheelbarrow |
| 19:12 | Crear | Archer |
| 20:13 | Construir | House |
| 20:15 | Construir | House |
| 20:30 | Investigar | Castle Age |
| 20:34 | Crear | Archer |
| 20:34 | Crear | Archer |
| 21:41 | Construir | Farm |
| 21:58 | Crear | Archer |
| 21:58 | Crear | Archer |
| 22:35 | Crear | Archer |
| 22:36 | Crear | Archer |
| 23:10 | Edad | Edad de los Castillos |
| 23:12 | Construir | Town Center |
| 23:17 | Investigar | Crossbowman (upgrade) |
| 23:18 | Investigar | Bodkin Arrow |
| 23:24 | Construir | Archery Range |
| 23:26 | Construir | Palisade Wall |
| 23:37 | Investigar | Thumb Ring |
| 23:50 | Crear | Archer |
| 23:53 | Crear | Villager (Male) |
| 23:53 | Crear | Villager (Male) |
| 23:54 | Crear | Villager (Male) |
| 24:14 | Crear | Villager (Male) |
| 24:51 | Construir | University |
| 24:56 | Construir | Monastery |
| 25:06 | Crear | Archer |
| 25:07 | Crear | Archer |
| 25:07 | Crear | Archer |
| 25:07 | Crear | Archer |
| 25:17 | Crear | Villager (Male) |
| 25:17 | Crear | Villager (Male) |
| 25:17 | Crear | Villager (Male) |
| 25:21 | Construir | Farm |
| 25:21 | Construir | Farm |
| 25:22 | Construir | Farm |
| 25:22 | Construir | Farm |
| 25:28 | Crear | Villager (Male) |
| 25:29 | Crear | Villager (Male) |
| 25:29 | Crear | Villager (Male) |
| 25:35 | Construir | Mining Camp |
| 25:54 | Crear | Villager (Male) |
| 25:54 | Crear | Villager (Male) |
| 25:58 | Investigar | Ballistics |
| 26:42 | Crear | Villager (Male) |
| 26:42 | Crear | Villager (Male) |
| 26:43 | Crear | Villager (Male) |
| 26:48 | Crear | Villager (Male) |
| 26:56 | Investigar | Town Watch |
Build order — 犹豫就会白给
Primeras 150 de 275 acciones detectadas
| 0:01 | Crear | Villager (Male) |
| 0:02 | Crear | Villager (Male) |
| 0:02 | Crear | Villager (Male) |
| 0:02 | Crear | Villager (Male) |
| 0:02 | Crear | Villager (Male) |
| 0:04 | Construir | House |
| 0:06 | Construir | House |
| 1:34 | Crear | Villager (Male) |
| 2:05 | Crear | Villager (Male) |
| 2:23 | Crear | Villager (Male) |
| 2:45 | Construir | Lumber Camp |
| 2:48 | Crear | Villager (Male) |
| 3:00 | Crear | Villager (Male) |
| 3:33 | Crear | Villager (Male) |
| 4:01 | Crear | Villager (Male) |
| 4:07 | Construir | House |
| 4:43 | Crear | Villager (Male) |
| 4:43 | Crear | Villager (Male) |
| 5:19 | Crear | Villager (Male) |
| 5:19 | Crear | Villager (Male) |
| 5:26 | Construir | Mill |
| 5:41 | Crear | Villager (Male) |
| 5:49 | Crear | Villager (Male) |
| 5:51 | Investigar | Loom |
| 6:39 | Construir | House |
| 7:11 | Crear | Villager (Male) |
| 7:32 | Investigar | Feudal Age |
| 8:27 | Construir | Barracks |
| 9:18 | Construir | Barracks |
| 9:44 | Crear | Villager (Male) |
| 9:45 | Crear | Villager (Male) |
| 9:46 | Edad | Edad Feudal |
| 10:03 | Construir | Stable |
| 10:14 | Construir | House |
| 10:25 | Crear | Villager (Male) |
| 10:30 | Construir | Farm |
| 10:35 | Construir | Farm |
| 10:39 | Crear | Villager (Male) |
| 10:42 | Investigar | Double-Bit Axe |
| 10:59 | Crear | Scout Cavalry |
| 11:00 | Crear | Scout Cavalry |
| 11:02 | Crear | Villager (Male) |
| 11:22 | Construir | Farm |
| 11:47 | Construir | Town Center |
| 11:57 | Construir | Farm |
| 12:00 | Crear | Villager (Male) |
| 12:01 | Crear | Villager (Male) |
| 12:17 | Construir | House |
| 12:21 | Crear | Villager (Male) |
| 12:30 | Construir | Farm |
| 12:31 | Crear | Villager (Male) |
| 12:50 | Construir | Palisade Wall |
| 12:56 | Crear | Villager (Male) |
| 12:59 | Construir | Farm |
| 13:02 | Construir | Farm |
| 13:18 | Crear | Scout Cavalry |
| 13:32 | Construir | Farm |
| 13:33 | Crear | Villager (Male) |
| 13:47 | Construir | House |
| 13:56 | Crear | Villager (Male) |
| 13:57 | Crear | Villager (Male) |
| 14:02 | Construir | Farm |
| 14:10 | Construir | House |
| 14:14 | Construir | House |
| 14:23 | Construir | Palisade Wall |
| 14:25 | Crear | Villager (Male) |
| 14:25 | Crear | Villager (Male) |
| 14:30 | Construir | Farm |
| 14:39 | Construir | Farm |
| 14:43 | Construir | Farm |
| 14:46 | Crear | Scout Cavalry |
| 14:47 | Crear | Villager (Male) |
| 15:12 | Crear | Villager (Male) |
| 15:13 | Crear | Villager (Male) |
| 15:25 | Construir | Blacksmith |
| 15:39 | Crear | Scout Cavalry |
| 15:52 | Crear | Villager (Male) |
| 16:00 | Construir | Palisade Wall |
| 16:06 | Crear | Villager (Male) |
| 16:08 | Construir | Farm |
| 16:13 | Construir | Farm |
| 16:19 | Construir | Farm |
| 16:22 | Construir | Farm |
| 16:26 | Crear | Villager (Male) |
| 16:36 | Construir | Farm |
| 16:59 | Construir | Stable |
| 17:00 | Construir | Stable |
| 17:04 | Crear | Villager (Male) |
| 17:04 | Crear | Villager (Male) |
| 17:06 | Crear | Villager (Male) |
| 17:08 | Construir | Farm |
| 17:10 | Construir | Farm |
| 17:20 | Construir | Farm |
| 17:26 | Investigar | Bloodlines |
| 17:27 | Crear | Villager (Male) |
| 17:28 | Crear | Villager (Male) |
| 17:40 | Construir | Farm |
| 17:42 | Construir | Farm |
| 17:45 | Construir | House |
| 18:11 | Crear | Scout Cavalry |
| 18:12 | Crear | Scout Cavalry |
| 18:15 | Crear | Villager (Male) |
| 18:15 | Crear | Villager (Male) |
| 18:32 | Construir | Palisade Wall |
| 18:46 | Construir | Farm |
| 19:02 | Construir | Palisade Gate |
| 19:09 | Crear | Scout Cavalry |
| 19:09 | Crear | Scout Cavalry |
| 19:13 | Investigar | Scale Barding Armor |
| 19:17 | Crear | Scout Cavalry |
| 19:17 | Crear | Scout Cavalry |
| 19:22 | Construir | House |
| 19:23 | Construir | House |
| 19:25 | Crear | Villager (Male) |
| 19:25 | Crear | Villager (Male) |
| 19:36 | Construir | Farm |
| 19:37 | Construir | Farm |
| 19:40 | Construir | Farm |
| 19:48 | Investigar | Horse Collar |
| 20:02 | Construir | Lumber Camp |
| 20:09 | Crear | Villager (Male) |
| 20:10 | Crear | Villager (Male) |
| 20:19 | Crear | Scout Cavalry |
| 20:19 | Crear | Scout Cavalry |
| 20:39 | Investigar | Forging |
| 20:54 | Crear | Villager (Male) |
| 20:54 | Crear | Villager (Male) |
| 21:02 | Crear | Scout Cavalry |
| 21:02 | Crear | Scout Cavalry |
| 21:02 | Crear | Scout Cavalry |
| 21:33 | Crear | Scout Cavalry |
| 21:34 | Crear | Scout Cavalry |
| 21:34 | Crear | Scout Cavalry |
| 21:41 | Construir | Mill |
| 21:49 | Construir | Farm |
| 21:53 | Construir | Farm |
| 22:02 | Construir | House |
| 22:03 | Construir | House |
| 22:37 | Crear | Villager (Male) |
| 22:37 | Crear | Villager (Male) |
| 22:47 | Construir | Lumber Camp |
| 22:56 | Construir | Farm |
| 23:00 | Construir | House |
| 23:26 | Investigar | Castle Age |
| 23:32 | Crear | Villager (Male) |
| 23:32 | Crear | Villager (Male) |
| 23:40 | Construir | Farm |
| 23:45 | Crear | Scout Cavalry |
| 23:45 | Crear | Scout Cavalry |
| 23:48 | Crear | Villager (Male) |
Build order — sfuentes12
Primeras 150 de 209 acciones detectadas
| 0:31 | Crear | Villager (Male) |
| 0:31 | Crear | Villager (Male) |
| 0:31 | Crear | Villager (Male) |
| 0:32 | Crear | Villager (Male) |
| 0:32 | Crear | Villager (Male) |
| 1:02 | Construir | House |
| 1:38 | Construir | House |
| 1:43 | Crear | Villager (Male) |
| 1:44 | Crear | Villager (Male) |
| 2:09 | Construir | House |
| 2:44 | Construir | House |
| 3:00 | Crear | Villager (Male) |
| 3:00 | Crear | Villager (Male) |
| 3:00 | Crear | Villager (Male) |
| 3:29 | Construir | Lumber Camp |
| 3:36 | Crear | Villager (Male) |
| 4:32 | Crear | Villager (Male) |
| 4:32 | Crear | Villager (Male) |
| 4:33 | Crear | Villager (Male) |
| 4:33 | Crear | Villager (Male) |
| 5:46 | Crear | Villager (Male) |
| 5:46 | Crear | Villager (Male) |
| 5:47 | Crear | Villager (Male) |
| 6:48 | Crear | Villager (Male) |
| 6:48 | Crear | Villager (Male) |
| 6:48 | Crear | Villager (Male) |
| 6:49 | Crear | Villager (Male) |
| 6:49 | Crear | Villager (Male) |
| 6:49 | Crear | Villager (Male) |
| 7:24 | Construir | Mill |
| 8:40 | Crear | Villager (Male) |
| 8:41 | Crear | Villager (Male) |
| 8:41 | Crear | Villager (Male) |
| 8:41 | Crear | Villager (Male) |
| 8:41 | Crear | Villager (Male) |
| 8:42 | Crear | Villager (Male) |
| 9:04 | Construir | Barracks |
| 10:06 | Construir | Lumber Camp |
| 10:28 | Construir | House |
| 11:09 | Construir | House |
| 11:12 | Investigar | Feudal Age |
| 11:31 | Construir | Mining Camp |
| 11:50 | Construir | House |
| 12:30 | Edad | Edad Feudal |
| 12:30 | Crear | Villager (Male) |
| 12:31 | Crear | Villager (Male) |
| 12:31 | Crear | Villager (Male) |
| 12:31 | Crear | Villager (Male) |
| 12:31 | Crear | Villager (Male) |
| 12:32 | Crear | Villager (Male) |
| 12:32 | Crear | Villager (Male) |
| 12:32 | Crear | Villager (Male) |
| 12:48 | Construir | House |
| 13:32 | Construir | Archery Range |
| 13:39 | Construir | Mining Camp |
| 13:47 | Construir | Farm |
| 13:51 | Construir | Farm |
| 13:55 | Construir | Farm |
| 14:37 | Construir | Farm |
| 14:44 | Construir | Farm |
| 14:48 | Construir | Farm |
| 14:59 | Construir | Farm |
| 15:32 | Construir | Farm |
| 15:40 | Construir | Farm |
| 16:00 | Construir | Farm |
| 16:23 | Construir | Farm |
| 16:29 | Crear | Villager (Male) |
| 16:29 | Crear | Villager (Male) |
| 16:35 | Investigar | Double-Bit Axe |
| 16:40 | Investigar | Horse Collar |
| 16:49 | Crear | Archer |
| 16:50 | Crear | Archer |
| 16:50 | Crear | Archer |
| 16:54 | Investigar | Man-at-Arms (upgrade) |
| 16:58 | Crear | Militia |
| 16:59 | Crear | Militia |
| 16:59 | Crear | Militia |
| 17:08 | Construir | Farm |
| 17:38 | Construir | Farm |
| 17:54 | Crear | Villager (Male) |
| 17:54 | Crear | Villager (Male) |
| 17:54 | Crear | Villager (Male) |
| 18:16 | Crear | Spearman |
| 18:16 | Crear | Spearman |
| 18:29 | Construir | Stable |
| 18:41 | Crear | Villager (Male) |
| 18:41 | Crear | Villager (Male) |
| 19:09 | Investigar | Gold Mining |
| 19:10 | Investigar | Stone Mining |
| 19:22 | Construir | Farm |
| 19:42 | Construir | House |
| 20:22 | Construir | Blacksmith |
| 20:59 | Construir | House |
| 21:32 | Construir | Market |
| 21:53 | Construir | Mill |
| 21:58 | Construir | House |
| 22:23 | Investigar | Castle Age |
| 22:58 | Construir | House |
| 23:19 | Crear | Villager (Male) |
| 23:19 | Crear | Villager (Male) |
| 23:19 | Crear | Villager (Male) |
| 23:19 | Crear | Villager (Male) |
| 23:20 | Crear | Villager (Male) |
| 23:20 | Crear | Villager (Male) |
| 23:20 | Crear | Villager (Male) |
| 23:20 | Crear | Villager (Male) |
| 23:42 | Construir | House |
| 23:59 | Edad | Edad de los Castillos |
| 24:20 | Construir | Castle |
| 24:44 | Crear | Battle Elephant |
| 24:44 | Crear | Battle Elephant |
| 24:44 | Crear | Battle Elephant |
| 24:44 | Crear | Battle Elephant |
| 24:44 | Crear | Battle Elephant |
| 24:45 | Crear | Battle Elephant |
| 24:45 | Crear | Battle Elephant |
| 25:08 | Construir | Farm |
| 25:13 | Construir | Farm |
| 25:38 | Construir | Farm |
| 25:58 | Construir | Farm |
| 26:23 | Construir | Monastery |
| 26:39 | Crear | Villager (Male) |
| 26:39 | Crear | Villager (Male) |
| 26:40 | Crear | Villager (Male) |
| 26:40 | Crear | Villager (Male) |
| 26:48 | Construir | Town Center |
| 27:12 | Construir | Farm |
| 27:19 | Crear | Villager (Male) |
| 27:19 | Crear | Villager (Male) |
| 27:27 | Crear | Battle Elephant |
| 27:27 | Crear | Battle Elephant |
| 27:28 | Crear | Battle Elephant |
| 27:52 | Construir | Farm |
| 27:58 | Construir | Farm |
| 28:05 | Construir | Farm |
| 28:07 | Crear | Karambit Warrior |
| 28:07 | Crear | Karambit Warrior |
| 28:08 | Crear | Karambit Warrior |
| 28:08 | Crear | Karambit Warrior |
| 28:08 | Crear | Karambit Warrior |
| 28:08 | Crear | Karambit Warrior |
| 28:09 | Crear | Karambit Warrior |
| 28:09 | Crear | Karambit Warrior |
| 28:09 | Crear | Karambit Warrior |
| 28:09 | Crear | Karambit Warrior |
| 28:16 | Construir | Farm |
| 28:38 | Construir | Farm |
| 28:41 | Construir | Farm |
| 29:35 | Construir | Farm |
| 29:38 | Crear | Monk |
Cronología de la partida
| 4:52 | sepseven · wall_segment Palisade Wall x12 |
| 4:58 | sepseven · wall_segment Palisade Wall x16 |
| 5:03 | sepseven · wall_segment Palisade Wall x7 |
| 7:02 | RelyingMarlin25 · first_building Barracks |
| 8:27 | sepseven · first_building Barracks |
| 8:27 | 犹豫就会白给 · first_building Barracks |
| 8:47 | Martineitor · first_building Barracks |
| 8:48 | RelyingMarlin25 · wall_segment Palisade Wall x3 |
| 8:50 | Almighty Pan · first_building Barracks |
| 8:53 | Almighty Pan · wall_segment Palisade Wall x3 |
| 9:04 | sfuentes12 · first_building Barracks |
| 9:40 | Salvador Allende · first_building Barracks |
| 9:46 | 犹豫就会白给 · age_up feudal |
| 9:46 | RelyingMarlin25 · wall_segment Palisade Wall x8 |
| 10:00 | sepseven · wall_segment Palisade Wall x8 |
| 10:03 | 犹豫就会白给 · first_building Stable |
| 10:09 | sepseven · wall_segment Palisade Wall x15 |
| 10:11 | Salvador Allende · age_up feudal |
| 10:13 | Almighty Pan · age_up feudal |
| 10:20 | Almighty Pan · first_building Archery Range |
| 10:31 | Martineitor · age_up feudal |
| 10:36 | Martineitor · first_building Archery Range |
| 11:07 | Martineitor · wall_segment Palisade Wall x5 |
| 11:07 | sepseven · age_up feudal |
| 11:09 | sepseven · first_building Archery Range |
| 11:09 | Martineitor · wall_segment Palisade Wall x5 |
| 11:47 | Passenger · first_building Donjon |
| 11:53 | Martineitor · wall_segment Palisade Wall x6 |
| 11:55 | Martineitor · wall_segment Palisade Wall x2 |
| 11:56 | Salvador Allende · first_building Stable |
| 11:59 | Martineitor · wall_segment Palisade Wall x10 |
| 12:03 | Salvador Allende · wall_segment Palisade Wall x2 |
| 12:22 | Passenger · first_building Barracks |
| 12:25 | Almighty Pan · wall_segment Palisade Wall x1 |
| 12:30 | sfuentes12 · age_up feudal |
| 12:50 | 犹豫就会白给 · wall_segment Palisade Wall x5 |
| 13:17 | Passenger · age_up feudal |
| 13:21 | Martineitor · wall_segment Palisade Wall x6 |
| 13:24 | Almighty Pan · wall_segment Palisade Wall x4 |
| 13:27 | Martineitor · wall_segment Palisade Wall x12 |
| 13:32 | sfuentes12 · first_building Archery Range |
| 13:33 | Martineitor · wall_segment Palisade Wall x4 |
| 14:11 | Passenger · wall_segment Stone Wall x8 |
| 14:23 | 犹豫就会白给 · wall_segment Palisade Wall x9 |
| 16:00 | 犹豫就会白给 · wall_segment Palisade Wall x7 |
| 17:03 | Almighty Pan · wall_segment Palisade Wall x12 |
| 17:21 | Salvador Allende · first_building Archery Range |
| 18:01 | RelyingMarlin25 · first_building Archery Range |
| 18:29 | sfuentes12 · first_building Stable |
| 18:32 | 犹豫就会白给 · wall_segment Palisade Wall x9 |
| 19:15 | Almighty Pan · first_market_sell 100 wood |
| 19:17 | Almighty Pan · first_market_buy 100 food |
| 19:24 | Salvador Allende · first_market_sell 100 food |
| 20:24 | Martineitor · age_up castle |
| 20:26 | Martineitor · first_market_sell 100 food |
| 20:28 | RelyingMarlin25 · first_market_buy 100 wood |
| 20:33 | sepseven · resign |
| 20:57 | Passenger · age_up castle |
| 21:01 | Salvador Allende · first_market_buy 500 food |
| 21:30 | Passenger · first_building Monastery |
| 21:37 | Martineitor · first_market_buy 100 wood |
| 23:10 | Almighty Pan · age_up castle |
| 23:26 | Almighty Pan · wall_segment Palisade Wall x1 |
| 23:51 | Salvador Allende · age_up castle |
| 23:59 | sfuentes12 · age_up castle |
| 24:07 | RelyingMarlin25 · first_building Castle |
| 24:20 | sfuentes12 · first_building Castle |
| 24:31 | Salvador Allende · first_building Siege Workshop |
| 24:56 | Almighty Pan · first_building Monastery |
| 26:06 | 犹豫就会白给 · age_up castle |
| 26:23 | sfuentes12 · first_building Monastery |
| 26:57 | Martineitor · first_building Stable |
| 27:50 | Passenger · first_building Archery Range |
| 27:53 | Salvador Allende · wall_segment Palisade Wall x11 |
| 27:56 | Salvador Allende · wall_segment Palisade Wall x12 |
| 28:22 | Martineitor · first_building Siege Workshop |
| 29:01 | RelyingMarlin25 · first_building Siege Workshop |
| 29:12 | Almighty Pan · first_building Siege Workshop |
| 30:26 | Salvador Allende · first_building Castle |
| 33:02 | Martineitor · first_building Monastery |
| 35:16 | Almighty Pan · first_building Castle |
| 35:58 | Martineitor · first_building Castle |
| 37:32 | Almighty Pan · wall_segment Stone Wall x17 |
| 38:41 | Almighty Pan · wall_segment Stone Wall x9 |
| 39:00 | Almighty Pan · wall_segment Stone Wall x7 |
| 39:16 | Almighty Pan · age_up imperial |
| 40:14 | Almighty Pan · wall_segment Stone Wall x1 |
[ ANÁLISIS IA · 1 CRÉDITO ]
¿Qué pasó realmente en esta partida?
Wolo.gg analiza cada decisión: build order, eco, micro, errores típicos por bracket. Análisis personalizado por WhatsApp o Discord en 30 segundos.
Guía civ
Bizantinos
Guía mapa
Arabia
Perfil
Jugador #11360985